 Dungeon Crawl Stone Soup version 0.24-a0-272-g1411513 (webtiles) character file.

Game seed: 11579509094217902915

65 MisterFreud the Slasher (level 4, 0/31 HPs)
             Began as an Octopode Fighter on Apr 25, 2019.
             Succumbed to an adder's poison
             ... on level 2 of the Dungeon.
             The game lasted 00:02:07 (939 turns).

MisterFreud the Slasher (Octopode Fighter)           Turns: 939, Time: 00:02:08

Health: 0/31       AC:  1    Str: 15    XL:     4   Next: 14%
Magic:  4/4        EV: 11    Int: 11    God:
Gold:   14         SH:  9    Dex: 11    Spells: 3/3 levels left

rFire    . . .     SeeInvis .   a - +0 long sword
rCold    . . .     Gourm    .   b - +1 shield
rNeg     . . .     Faith    .   (helmet restricted)
rPois    .         Spirit   .   (no amulet)
rElec    .         Reflect  .   (no ring)
rCorr    .         Harm     .   (no ring)
MR       .....                  (no ring)
Stlth    ++........             (no ring)
HPRegen  0.10/turn              (no ring)
MPRegen  0.09/turn              (no ring)
                                (no ring)
                                (no ring)

@: lethally poisoned (0 -> -2)
A: almost no armour, stealthy swim, amphibious, 8 rings, constrict 8, camouflage
1, gelatinous body 1
a: no special abilities


You were on level 2 of the Dungeon.
You were not hungry.

You visited 1 branch of the dungeon, and saw 3 of its levels.

You collected 14 gold pieces.

Inventory:

Hand Weapons
 a - a +0 long sword (weapon)
 q - a +0 great sword
Missiles
 e - 17 poisoned needles
 g - 6 curare-tipped needles
 h - 21 stones (quivered)
 j - 19 sling bullets
 l - 26 bolts
 u - 8 needles of confusion
Armour
 b - a +1 shield (worn)
Wands
 r - a wand of flame (10)
Scrolls
 i - 2 scrolls of enchant armour
 o - 2 scrolls of identify {unknown}
 s - a scroll of remove curse
Potions
 c - a potion of might
 k - a potion of haste {unknown}
 m - a potion of mutation {unknown}
 n - a potion of degeneration {unknown}
 p - 3 potions of curing {unknown}
 t - 2 potions of lignification {unknown}
Comestibles
 d - 6 rations
 f - 5 chunks of flesh


   Skills:
 - Level 3.0 Fighting
 + Level 4.3 Long Blades
 - Level 3.0 Dodging
 - Level 3.0 Shields


You had 3 spell levels left.
You didn't know any spells.
Your spell library was empty.

Dungeon Overview and Level Annotations

Branches:
Dungeon (3/15)

Altars:
Fedhas


Innate Abilities, Weirdness & Mutations

You cannot wear most types of armour.
You are very stealthy in the water. (Stealth+)
You are amphibious.
You can wear up to eight rings at the same time.
You can use your tentacles to constrict eight enemies at once.
Your skin changes colour to match your surroundings (Stealth+).
Your rubbery body absorbs attacks. (AC +1, EV +1)


Message History

The hound barks!
You see here an adder corpse.
You butcher the adder corpse.
Things that are here:
2 chunks of flesh; an adder skeleton You feel sick.
The hound bites you.
* * * LOW HITPOINT WARNING * * *
The hound bites you.
* * * LOW HITPOINT WARNING * * *
You barely miss the hound. You grab the hound.
You constrict the hound, but do no damage.
The hound bites you.
* * * LOW HITPOINT WARNING * * *
The hound bites you but does no damage.
You hit the hound.
You squeeze the hound, but do no damage.
The hound is lightly wounded.
You constrict the hound.
You die...

......###..≈≈.≈≈...#
.#...##
#.#........## ###.#.
#.#.........# # #.
#.......#...#.#
###..........
##.#.#..#. #......#
###.#%.#.#.#
###@.....# #h...#.#
##...# ..... #....#
..#.# ..#.# ... .
###.#.... .##


You could see a hound.

Vanquished Creatures
  2 adders (D:2)
  An ooze (D:2)
  An adder skeleton (D:3)
  A dart slug (D:2)
  A leopard gecko (D:1)
  2 orcs (D:3)
  2 ball pythons (D:3)
  2 giant cockroaches
  4 hobgoblins
  3 jackals (D:2)
  5 bats
  5 frilled lizards
  3 goblins
  A kobold (D:2)
  4 rats
37 creatures vanquished.

Notes
Turn   | Place    | Note
-------+----------+-------------------------------------------
     0 | D:1      | MisterFreud the Octopode Fighter began the quest for the
                  | Orb.
     0 | D:1      | Reached XP level 1. HP: 16/16 MP: 1/1
   314 | D:1      | Reached XP level 2. HP: 20/21 MP: 2/2
   596 | D:2      | Reached skill level 3 in Long Blades
   599 | D:2      | You fall through a shaft!
   662 | D:3      | Reached XP level 3. HP: 19/26 MP: 3/3
   867 | D:2      | Found a blossoming altar of Fedhas.
   893 | D:2      | Reached skill level 4 in Long Blades
   931 | D:2      | Reached XP level 4. HP: 14/31 MP: 4/4
   938 | D:2      | HP: 1/31 [hound (3)]
   939 | D:2      | Succumbed to an adder's poison

Levels and vault maps discovered:
D:1:      dpeg_arrival_stonehenge_12_columns, layout_loops_ring, minivault_26,
          minivault_25
D:2:      minmay_inner_zag, layout_basic, fedhas_altar_2, first_ration,
          ebering_dispersal_statue_hall, minivault_23, item_on_display_a
D:3:      layout_rooms, minmay_quantized

Skill      XL: |  1  2  3 |
---------------+----------+-----
Long Blades    | 3 4 |  4.3
Fighting       | |  3.0
Dodging        | |  3.0
Shields        | |  3.0

Action                   |  1- 3 |  4- 6 || total
-------------------------+-------+-------++-------
Melee: Long sword        |    54 |     3 ||    57
       Constrict         |    16 |     1 ||    17
       Tentacles         |     7 |     1 ||     8
  Use: Scroll            |     4 |       ||     4
 Stab: Sleeping          |     7 |       ||     7
       Distracted        |     1 |       ||     1
Armor: Skin              |     1 |     1 ||     2
Dodge: Dodged            |    24 |       ||    24
Block: Shield            |    20 |       ||    20
       Rpst.: Long sword |    12 |       ||    12

Table legend:
 A = Non-vault XP
 B = Vault XP
 C = Vault XP percentage of total XP
 D = Non-vault monster count
 E = Vault monster count
 F = Vault count percentage of total count
                 A         B        C        D         E       F
            +---------+---------+-------+---------+---------+-------
      Total |      94 |       0 |   0.0 |      37 |       0 |   0.0
            +---------+---------+-------+---------+---------+-------
        D:1 |      17 |       0 |   0.0 |      11 |       0 |   0.0
        D:2 |      53 |       0 |   0.0 |      14 |       0 |   0.0
        D:3 |      24 |       0 |   0.0 |      12 |       0 |   0.0
            +---------+---------+-------+---------+---------+-------
